 Dungeon Crawl Stone Soup version 0.29.1-1-gd02db6906a (webtiles) character file.

Game seed: 14002433962338888960

280875 Icepheonix32 the Impregnable (level 20, -4/182 (184) HPs)
             Began as a Minotaur Fighter on Oct 18, 2022.
             Was the Champion of Okawaru.
             Killed from afar by a frost giant (44 damage)
             ... with a bolt of cold
             ... on level 5 of the Vaults.
             The game lasted 01:25:30 (36460 turns).

Icepheonix32 the Impregnable (Minotaur Fighter)    Turns: 36460, Time: 01:25:30

HP:   -4/182 (184)  AC: 52    Str: 38    XL:     20   Next: 6%
MP:   33/35         EV: 14    Int: 16    God:    Okawaru [******]
Gold: 4276          SH: 33    Dex: 17    Spells: 19/19 levels left

rFire   + + .      SeeInvis .   j - +8 mithril axe "Arga" {speed, Will+}
rCold   . . .      Faith    +   c - +7 tower shield of True Grit {Harm Int+7 Dex-5}
rNeg    . . .      Spirit   .   v - +12 crystal plate armour of Gluttony {Str+8 Stlth+}
rPois   +          Reflect  .   (helmet restricted)
rElec   +          Harm     +   T - +0 cloak of Doberrui {rElec Regen+}
rCorr   .          Rampage  .   p - +1 pair of gloves of Pylymu {rPois rF+ MP+9}
Will    ++...                   t - +2 pair of boots
Stlth   ..........              U - amulet of faith
HPRegen 1.20/turn               W - +6 ring of strength
MPRegen 0.24/turn               b - ring "Gukati Kaoto" {Contam Fly Str+3 Dex+7}

@: heroic, marked, flying, studying Invocations, lightly drained
A: horns 2, retaliatory headbutt, fire resistance 1, MP-powered wands
}: 1/15 runes: gossamer
a: Renounce Religion, Heroism, Finesse, Duel


You were on level 5 of the Vaults.
You worshipped Okawaru.
Okawaru was exalted by your worship.
You visited 6 branches of the dungeon, and saw 32 of its levels.
You also visited: Sewer, Gauntlet and Wizlab.

You collected 5742 gold pieces.
You spent 1466 gold pieces at shops.

Inventory:

Hand Weapons
 j - the +8 mithril axe "Arga" (weapon) {speed, Will+}
   (You acquired it on level 2 of the Vaults)

   Attacks with this weapon are significantly faster.
   Will:      It increases your willpower.
 r - a +9 broad axe
 L - the +10 broad axe of Wiblaodux {antimagic, rN+ SInv}
   (You found it on level 2 of the Vaults)

   It reduces the magical energy of the wielder, and disrupts the spells and
   magical abilities of those it strikes.
   Natural abilities and divine invocations are not affected.
   rN:        It protects you from negative energy.
   SInv:      It lets you see invisible.
Missiles
 C - 9 curare-tipped darts
 I - 2 throwing nets
 O - 15 javelins
Armour
 c - the +7 tower shield of True Grit (worn) {Harm Int+7 Dex-5}
   (Okawaru gifted it to you on level 4 of the Vaults)

   Int:       It affects your intelligence (+7).
   Dex:       It affects your dexterity (-5).
   Harm:      It increases damage dealt and taken.
 i - a +2 pair of gloves of strength
 k - a scarf of resistance
 p - the +1 pair of gloves of Pylymu (worn) {rPois rF+ MP+9}
   (Okawaru gifted it to you in a Gauntlet)

   rF:        It protects you from fire.
   rPois:     It protects you from poison.
   MP:        It affects your magic capacity (+9).
 t - a +2 pair of boots (worn)
 v - the +12 crystal plate armour of Gluttony (worn) {Str+8 Stlth+}
   (Okawaru gifted it to you on level 5 of the Lair of Beasts)

   Str:       It affects your strength (+8).
   Stlth:     It makes you more stealthy.
 w - the +2 hat of Submission {+Blink Slay+3}
   (Okawaru gifted it to you on level 5 of the Vaults)

   Slay:      It affects your accuracy & damage with ranged weapons and melee
   (+3).
   +Blink:    It lets you blink.
 P - the +0 hat of Trial and Error {Harm rN+++ Str-3 Dex-3}
   (Okawaru gifted it to you on level 3 of the Lair of Beasts)

   Str:       It affects your strength (-3).
   Dex:       It affects your dexterity (-3).
   rN:        It renders you almost immune to negative energy.
   Harm:      It increases damage dealt and taken.
 R - the +0 tower shield of Purpose {rF+ rC+ Regen+}
   (Okawaru gifted it to you on level 1 of the Spider Nest)

   rF:        It protects you from fire.
   rC:        It protects you from cold.
   Regen:     It increases your rate of health regeneration.
 T - the +0 cloak of Doberrui (worn) {rElec Regen+}
   (You found it in a Gauntlet)

   rElec:     It insulates you from electricity.
   Regen:     It increases your rate of health regeneration.
 Y - the +2 hat of Intercession {rC+ Str+2 Dex+2}
   (Okawaru gifted it to you on level 12 of the Dungeon)

   Str:       It affects your strength (+2).
   Dex:       It affects your dexterity (+2).
   rC:        It protects you from cold.
Jewellery
 b - the ring "Gukati Kaoto" (right hand) {Contam Fly Str+3 Dex+7}
   (You found it in a Gauntlet)

   [ring of flight]

   Str:       It affects your strength (+3).
   Dex:       It affects your dexterity (+7).
   Fly:       It grants you flight.
   Contam:    It causes magical contamination when unequipped.
 B - a ring of resist corrosion
 U - an amulet of faith (around neck)
 W - a +6 ring of strength (left hand)
Wands
 u - a wand of flame (24)
 A - a wand of acid (9)
 H - a wand of mindburst (17)
 J - a wand of digging (13)
 K - a wand of roots (20)
Scrolls
 l - 3 scrolls of magic mapping
 n - 10 scrolls of fog
 o - 6 scrolls of poison
 y - 6 scrolls of immolation
 z - 6 scrolls of blinking
 F - 4 scrolls of enchant armour
 G - 3 scrolls of torment
 N - 6 scrolls of silence
 Q - 4 scrolls of teleportation
 X - 15 scrolls of identify
 Z - 4 scrolls of fear
Potions
 a - 2 potions of berserk rage {unknown}
 d - 3 potions of might
 e - 11 potions of mutation
 f - 5 potions of attraction
 g - 9 potions of haste
 h - 17 potions of curing
 m - 4 potions of lignification
 q - 7 potions of magic
 s - 8 potions of heal wounds
 x - 4 potions of invisibility
 D - 7 potions of brilliance
 M - 11 potions of ambrosia
 S - a potion of resistance
 V - 3 potions of cancellation
Miscellaneous
 E - a phial of floods


   Skills:
 - Level 17.2(22.2) Fighting
 - Level 17.0(22.1) Axes
 + Level 3.9(16.7) Maces & Flails
 + Level 1.2(6.2) Throwing
 * Level 24.7(27) Armour
 + Level 5.2(10.2) Dodging
 + Level 3.5(8.5) Stealth
 * Level 23.9(27) Shields
 + Level 9.6 Invocations
 + Level 2.0 Evocations


You had 19 spell levels left.
You didn't know any spells.
Your spell library contained the following spells:

 Spells                   Type           Power      Damage    Failure   Level
 Apportation              Tloc           0%         N/A       67%         1
 Slow                     Hex            0%         N/A       67%         1
 Sting                    Tmut/Pois      0%         1d3       67%         1
 Blink                    Tloc           0%         N/A       82%         2
 Ensorcelled Hibernation  Hex/Ice        0%         N/A       82%         2
 Passwall                 Tmut/Erth      0%         N/A       82%         2
 Poisonous Vapours        Pois/Air       0%         N/A       82%         2
 Scorch                   Fire           0%         2d5       82%         2
 Static Discharge         Conj/Air       0%         3-3/arc   82%         2
 Sublimation of Blood     Necr           0%         N/A       82%         2
 Wereblood                Tmut           0%         N/A       82%         2
 Confusing Touch          Hex            0%         N/A       96%         3
 Conjure Flame            Conj/Fire      0%         6-21      96%         3
 Dazzling Flash           Conj/Hex       0%         N/A       96%         3
 Frozen Ramparts          Ice            0%         1d1       96%         3
 Ignite Poison            Fire/Tmut/Pois 0%         N/A       96%         3
 Lesser Beckoning         Tloc           0%         N/A       96%         3
 Portal Projectile        Hex/Tloc       0%         N/A       96%         3
 Stone Arrow              Conj/Erth      0%         3d7       96%         3
 Swiftness                Air            0%         N/A       96%         3
 Vampiric Draining        Necr           0%         2d6       96%         3
 Cause Fear               Hex            0%         N/A       100%        4
 Dispel Undead            Necr           0%         3d6       100%        4
 Flame Wave               Conj/Fire      0%         2d4       100%        4
 Ice Form                 Ice/Tmut       0%         N/A       100%        4
 Iskenderun's Mystic Bla  Conj/Tloc      0%         2d3       100%        4
 Leda's Liquefaction      Hex/Erth       0%         N/A       100%        4
 Olgreb's Toxic Radiance  Pois           0%         N/A       100%        4
 Sticky Flame             Conj/Fire      0%         2d3       100%        4
 Alistair's Intoxication  Tmut/Pois      0%         N/A       100%        5
 Blade Hands              Tmut           0%         N/A       100%        5
 Borgnjor's Vile Clutch   Necr/Erth      0%         N/A       100%        5
 Lee's Rapid Deconstruct  Erth           0%         3d5*      100%        5
 Manifold Assault         Tloc           0%         N/A       100%        5
 Eringya's Noxious Bog    Tmut/Pois      0%         N/A       100%        6
 Starburst                Conj/Fire      0%         6d3       100%        6
 Statue Form              Tmut/Erth      0%         N/A       100%        6
 Dragon Form              Tmut           0%         N/A       100%        7
 Orb of Destruction       Conj           0%         9d5       100%        7
 Lehudib's Crystal Spear  Conj/Erth      0%         10d2      100%        8
 Summon Guardian Golem    Hex/Summ       Unusable   N/A       N/A         3
 Tukima's Dance           Hex            Unusable   N/A       N/A         3
 Animate Armour           Summ/Erth      Unusable   N/A       N/A         4
 Summon Ice Beast         Ice/Summ       Unusable   N/A       N/A         4
 Summon Cactus Giant      Summ           Unusable   N/A       N/A         6
 Spellforged Servitor     Conj/Summ      Unusable   N/A       N/A         7
 Summon Hydra             Summ           Unusable   N/A       N/A         7
 Dragon's Call            Summ           Unusable   N/A       N/A         9

Dungeon Overview and Level Annotations

Branches:
Dungeon (15/15)            Temple (1/1) D:4            Lair (5/5) D:8
  Swamp (0/4) Lair:2       Spider (4/4) Lair:2        Slime (0/5) Lair:5
    Orc (2/2) D:10            Elf (0/3) Orc:2        Vaults (5/5) D:14
  Crypt (0/3) Vaults:2     Depths (0/4) D:15          Sewer (visited)
 WizLab (visited)         Gauntlet (visited)

Altars:
Ashenzari
Cheibriados
Dithmenos
Elyvilon
Fedhas
Gozag
Hepliaklqana
Kikubaaqudgha
Makhleb
Nemelex Xobeh
Okawaru
Qazlal
Ru
Sif Muna
Trog
Uskayaw
Vehumet
Wu Jian
Xom
Yredelemnul
Zin
The Shining One

Shops:
Orc:2 *?(?[   Vaults:2 ?   Vaults:3 (   Vaults:4 [(

Annotations:
Vaults:5 Mennas, Xtahua


Innate Abilities, Weirdness & Mutations

You have a pair of horns on your head.
You reflexively headbutt those who attack you in melee.
Your flesh is heat resistant. (rF+)
You expend magic power (3 MP) to strengthen your wands.


Message History

Mennas attacks as you move away! You block Mennas's attack. x2
The vault guard attacks as you move away!
The vault guard hits you but does no damage.
A purple very ugly thing comes into view.
Mennas hits you but does no damage. You block Mennas's attack.
You block the entropy weaver's attack. x2
The entropy weaver hits you but does no damage.
The entropy weaver hits you.
The vault guard attacks as you move away!
You block the vault guard's attack.
Your surroundings suddenly seem different.
A storm dragon, a frost giant and a phantasmal warrior come into view.
The frost giant is wielding a +4 battleaxe of freezing.
Found a bloodstained ring mail.
The storm dragon roars deafeningly!
The frost giant shouts!
You are too injured to fight recklessly!
Unknown command.
You gain the combat prowess of a mighty hero.
You block the storm dragon's attack. x3
The frost giant gestures at you while chanting.
The bolt of cold hits you!!!
* * * LOW HITPOINT WARNING * * *
A deep elf demonologist comes into view.
It is wielding a +0 dagger.
You block the phantasmal warrior's attack.
You open the frost giant like a pillowcase!!!
The frost giant is heavily wounded.
You closely miss the phantasmal warrior.
You hit the storm dragon but do no damage.
You block the storm dragon's attack. The storm dragon misses you.
You block the storm dragon's attack.
Unknown command.
You cut the storm dragon into ribbons!!!
You headbutt the storm dragon, but do no damage.
The storm dragon is severely wounded.
You hit the phantasmal warrior but do no damage.
You slice the frost giant!!
You block the phantasmal warrior's attack.
The frost giant gestures at you while chanting.
The bolt of cold hits you!!!
You die...

#
#.e########
#...D@....#
#...CW....#
#.........#
#..########
#.. #. #


You could see a storm dragon, a frost giant, a deep elf demonologist and a
phantasmal warrior.

Vanquished Creatures
  Jorgrun (D:14)
  A titan (Vaults:5)
  Frances (Spider:2)
  2 tengu reavers
  Donald (Vaults:4)
  A revenant (Vaults:2)
  3 sphinxes
  A fire giant (Vaults:5)
  5 nagarajas (WizLab)
  5 deep elf sorcerers
  15 vault wardens
  2 emperor scorpions
  4 ghost moths
  A frost giant (Vaults:3)
  The ghost of Rudyous the Fighter, a journeyman MiFi of Jiyva (Orc:2)
  4 demonspawn corrupters (WizLab)
  11 ironbound preservers
  9 broodmothers
  A very ugly thing (Vaults:3)
  4 stone giants (Vaults:5)
  7 ironbound thunderhulks
  3 war gargoyles
  Nessos (D:12)
  An entropy weaver (shapeshifter) (Vaults:4)
  A deep elf annihilator (Vaults:4)
  A minotaur (Gauntlet)
  4 entropy weavers
  A spark wasp (Spider:3)
  3 dire elephants (Vaults:1)
  The ghost of BigDaddyOpFi the Protected, a journeyman GrFi of Okawaru (Lair:3)
  3 ettins
  2 crystal guardians
  A merfolk javelineer (WizLab)
  2 deep elf high priests (WizLab)
  8 great orbs of eyes
  27 vault guards
  4 radroaches
  9 boulder beetles
  13 yaktaur captains
  3 peacekeepers
  An ice dragon (Lair:4)
  25 two-headed ogres
  2 jorogumos
  A catoblepas (D:8)
  10 ironbound frosthearts
  A death knight (D:13)
  A merfolk aquamancer (WizLab)
  19 centaur warriors
  8 ogre magi
  10 hydras
  15 death yaks
  A tengu warrior (D:15)
  2 thrashing horrors (Gauntlet)
  2 hell knights (WizLab)
  A sun moth (Spider:4)
  5 pharaoh ants
  2 skeletal warriors
  2 spriggan druids (WizLab)
  12 orb spiders
  3 steelbarb worms
  A shadow dragon zombie (Vaults:3)
  A deep troll (shapeshifter) (D:15)
  4 glowing orange brains
  25 deep trolls
  15 ironbound convokers
  5 lindwurms (Vaults:2)
  Pikel (D:7)
  12 harpies
  3 necromancers
  An orc knight (D:14)
  5 wizards
  26 wolf spiders
  4 manticores
  A sphinx skeleton (Vaults:4)
  4 deep elf pyromancers
  19 ugly things
  6 cyclopes
  3 moths of wrath
  2 orc sorcerers
  3 worldbinders (WizLab)
  21 vault sentinels
  A guardian serpent (Lair:5)
  9 black mambas
  12 elephants
  Joseph (D:9)
  13 cane toads
  6 torpor snails
  4 human skeletons (Vaults:4)
  An unseen horror (D:12)
  A water nymph (WizLab)
  4 centaur skeletons (D:14)
  A cane toad (shapeshifter) (Vaults:4)
  A rime drake (Lair:3)
  An elf zombie (Vaults:4)
  4 komodo dragons
  5 freezing wraiths
  A human zombie (Vaults:3)
  2 tengu conjurers (D:14)
  29 yaktaurs
  6 demonic crawlers
  4 meliai
  The ghost of miserystealer the Chopper, an amateur HOMo (D:4)
  A meliai (shapeshifter) (WizLab)
  3 trolls
  A polar bear (Lair:1)
  3 blink frogs (Lair:4)
  4 hornets
  A human simulacrum (Vaults:3)
  26 tarantellas
  3 small abominations (Gauntlet)
  A deep troll zombie (Vaults:3)
  33 slime creatures
  A fire giant simulacrum (Vaults:4)
  A jumping spider (shapeshifter) (D:8)
  29 jumping spiders
  17 culicivoras
  6 shadows
  2 water elementals (D:15)
  A vampire (D:8)
  7 wyverns
  20 yaks
  A fire bat (D:9)
  5 wraiths
  4 basilisks
  5 steam dragons
  33 redbacks
  7 vampire mosquitoes
  3 acid dragons
  2 wargs (Orc:2)
  Duvessa (D:7)
  21 water moccasins
  17 orc warriors
  2 ice beasts
  2 black bears (D:7)
  36 ogres
  5 wolves (Lair:5)
  A boggart (WizLab)
  19 centaurs
  2 phantoms (D:4)
  2 lemures (D:7)
  5 kobold brigands
  2 necrophages
  16 bullfrogs
  2 gnoll sergeants (D:9)
  An ogre simulacrum (Vaults:4)
  7 scorpions
  5 wights
  Dowan (D:7)
  14 killer bees
  3 electric eels
  6 howler monkeys
  4 hounds
  2 jellies
  A gnoll bouda (D:9)
  16 orc priests
  3 iguanas
  14 orc wizards
  8 ogre zombies (D:10)
  10 gnolls
  8 adders
  6 river rats
  2 shadow imps
  5 white imps
  3 worms
  A dart slug (D:4)
  50 orcs
  10 ball pythons
  5 bats
  16 endoplasms
  5 giant cockroaches
  6 goblins
  9 hobgoblins
  17 jackals
  5 kobolds
  6 quokkas
  6 frilled lizards
  2 goblin skeletons (D:10)
  4 hobgoblin skeletons (D:10)
  2 hobgoblin zombies (D:10)
  5 orc skeletons (D:10)
  12 orc zombies (D:10)
  6 rats
1199 creatures vanquished.

Vanquished Creatures (others)
  An orb spider (Spider:4)
  An orc wizard (D:9)
  16 fungi
  63 plants
81 creatures vanquished.

Grand Total: 1280 creatures vanquished

Notes
Turn   | Place    | Note
-------+----------+-------------------------------------------
     0 | D:1      | Icepheonix32 the Minotaur Fighter began the quest for the
                  | Orb.
     0 | D:1      | Reached XP level 1. HP: 19/19 MP: 0/0
   226 | D:1      | Reached XP level 2. HP: 27/27 MP: 1/1
   875 | D:2      | Reached XP level 3. HP: 34/34 MP: 2/2
   897 | D:2      | Reached skill level 4 in Armour
  1026 | D:2      | Reached XP level 4. HP: 41/41 MP: 3/3
  1095 | D:2      | Found a glowing golden altar of the Shining One.
  1843 | D:3      | Reached skill level 1 in Dodging
  2213 | D:3      | Found a bloodstained altar of Trog.
  2222 | D:3      | Found a hide-covered altar of Uskayaw.
  2518 | D:4      | Noticed a phantom
  2518 | D:4      | Found a staircase to the Ecumenical Temple.
  2524 | D:4      | Killed a phantom
  2525 | D:4      | Reached skill level 5 in Fighting
  2525 | D:4      | Reached XP level 5. HP: 48/48 MP: 4/4
  2574 | D:4      | Reached skill level 5 in Armour
  2574 | D:4      | Reached XP level 6. HP: 49/56 MP: 5/5
  2676 | D:4      | Reached skill level 5 in Axes
  2858 | D:4      | Found a glowing drain.
  2868 | Sewer    | Entered a sewer
  2960 | Sewer    | Reached XP level 7. HP: 59/62 MP: 6/6
  3263 | Sewer    | Reached skill level 6 in Armour
  4504 | D:4      | Reached XP level 8. HP: 58/71 MP: 7/7
  4586 | D:4      | Found a runed translucent door.
  4596 | D:4      | Noticed miserystealer's ghost (amateur HOMo)
  4613 | D:4      | Killed miserystealer's ghost
  4614 | D:4      | Reached skill level 7 in Armour
  4803 | D:4      | Found a glowing silver altar of Zin.
  4973 | D:5      | Entered Level 5 of the Dungeon
  5013 | D:5      | Reached skill level 5 in Shields
  5278 | D:5      | Reached skill level 8 in Armour
  5880 | D:6      | Reached XP level 9. HP: 81/81 MP: 8/8
  5903 | D:6      | Identified the +9 war axe of Joiga {freeze, rN+}
  6035 | D:6      | Found a snail-covered altar of Cheibriados.
  6045 | D:6      | Gained mutation: You expend magic power (3 MP) to
                  | strengthen your wands. [potion of mutation]
  6045 | D:6      | Gained mutation: Your flesh is heat resistant. (rF+)
                  | [potion of mutation]
  6231 | D:6      | Found a stormy altar of Qazlal.
  6252 | D:6      | Found a broken altar of Ashenzari.
  6586 | D:7      | Reached skill level 9 in Armour
  6879 | D:7      | Noticed Pikel
  6901 | D:7      | Killed Pikel
  6927 | D:7      | Reached skill level 10 in Axes
  7047 | D:7      | Reached skill level 1 in Stealth
  7252 | D:7      | Noticed Duvessa
  7259 | D:7      | Killed Duvessa
  7260 | D:7      | Reached XP level 10. HP: 62/91 MP: 9/9
  7289 | D:7      | Noticed Dowan
  7294 | D:7      | Killed Dowan
  7683 | D:8      | Noticed a death yak
  7683 | D:8      | Noticed a death yak
  7693 | D:8      | Killed a death yak
  7694 | D:8      | Reached skill level 10 in Fighting
  7694 | D:8      | Reached skill level 10 in Armour
  7695 | D:8      | Killed a death yak
  7697 | D:8      | Noticed a death yak
  7709 | D:8      | Killed a death yak
  8166 | Temple   | Entered the Ecumenical Temple
  8175 | Temple   | Became a worshipper of Warmaster Okawaru
  8388 | D:8      | Found a staircase to the Lair.
  8833 | D:8      | Noticed a catoblepas
  8847 | D:8      | Killed a catoblepas
  8847 | D:8      | Reached * piety under Okawaru
  8848 | D:8      | Reached skill level 1 in Invocations
  8848 | D:8      | Reached XP level 11. HP: 96/102 MP: 9/11
  9294 | D:9      | Reached ** piety under Okawaru
  9648 | D:9      | Noticed Joseph
  9657 | D:9      | Killed Joseph
  9876 | D:9      | Reached skill level 11 in Armour
 10197 | D:9      | Identified a scroll of acquirement
 10198 | D:9      | Acquired 875 gold pieces
 10243 | D:10     | Entered Level 10 of the Dungeon
 10466 | D:10     | Found a staircase to the Orcish Mines.
 10478 | D:10     | Reached *** piety under Okawaru
 11094 | D:10     | Found an ancient bone altar of Kikubaaqudgha.
 11094 | D:10     | Found a sacrificial altar of Ru.
 11341 | D:11     | Noticed a two-headed ogre
 11347 | D:11     | Killed a two-headed ogre
 11347 | D:11     | Reached **** piety under Okawaru
 11451 | D:11     | Noticed a two-headed ogre
 11458 | D:11     | Killed a two-headed ogre
 11864 | D:11     | Noticed a boulder beetle
 11888 | D:11     | Killed a boulder beetle
 11929 | D:11     | Reached XP level 12. HP: 100/115 MP: 14/14
 12054 | D:12     | Noticed Nessos
 12068 | D:12     | Killed Nessos
 12134 | D:12     | Noticed a boulder beetle
 12153 | D:12     | Killed a boulder beetle
 12154 | D:12     | Reached skill level 5 in Invocations
 12198 | D:12     | Reached ***** piety under Okawaru
 12473 | D:12     | Reached skill level 1 in Throwing
 12496 | D:12     | Noticed a two-headed ogre
 12501 | D:12     | Killed a two-headed ogre
 12501 | D:12     | Identified the +2 hat of Intercession {rC+ Str+2 Dex+2}
                  | (Okawaru gifted it to you on level 12 of the Dungeon)
 12501 | D:12     | Received a gift from Okawaru
 12687 | D:12     | Noticed a four-headed hydra
 12693 | D:12     | Killed a four-headed hydra
 13094 | D:12     | Reached skill level 1 in Maces & Flails
 13626 | D:12     | Noticed a four-headed hydra
 13641 | D:12     | Killed a four-headed hydra
 13862 | D:12     | Noticed a six-headed hydra
 13872 | D:12     | Killed a six-headed hydra
 14289 | D:13     | Found a gate leading to a gauntlet.
 14305 | Gauntlet | Entered a Gauntlet
 14305 | Gauntlet | Found a transporter.
 14308 | Gauntlet | Noticed an entropy weaver
 14310 | Gauntlet | Found a transporter.
 14312 | Gauntlet | Noticed a great orb of eyes
 14330 | Gauntlet | Found a transporter.
 14330 | Gauntlet | Found a transporter.
 14348 | Gauntlet | Found a transporter.
 14361 | Gauntlet | Found a transporter.
 14374 | Gauntlet | Found a transporter.
 14374 | Gauntlet | Noticed a quicksilver ooze
 14396 | Gauntlet | Found a transporter.
 14398 | Gauntlet | Found a transporter.
 14406 | Gauntlet | Found a transporter.
 14437 | Gauntlet | Found a transporter.
 14437 | Gauntlet | Found a transporter.
 14565 | Gauntlet | Killed an entropy weaver
 14576 | Gauntlet | Identified the +0 cloak of Doberrui {rElec Regen+}
 14817 | Gauntlet | Identified the +1 pair of gloves of Pylymu {rPois rF+ MP+9}
                  | (Okawaru gifted it to you in a Gauntlet)
 14817 | Gauntlet | Received a gift from Okawaru
 14823 | Gauntlet | Reached XP level 13. HP: 99/125 MP: 14/16
 14828 | Gauntlet | Identified the ring "Gukati Kaoto" {Contam Fly Str+3 Dex+7}
 14862 | Gauntlet | Noticed a minotaur
 14867 | Gauntlet | Killed a minotaur
 14977 | Gauntlet | Identified the +1 dagger "Jehi" {holy, rF+ rC- Str+6}
 15168 | D:13     | Reached skill level 12 in Armour
 15179 | D:13     | Reached skill level 15 in Axes
 16074 | Lair:1   | Entered Level 1 of the Lair of Beasts
 17181 | Lair:2   | Found a staircase to the Swamp.
 17279 | Lair:2   | Reached skill level 15 in Fighting
 17489 | Lair:2   | Found a hole to the Spider Nest.
 18131 | Lair:3   | Identified the +0 hat of Trial and Error {Harm rN+++ Str-3
                  | Dex-3} (Okawaru gifted it to you on level 3 of the Lair of
                  | Beasts)
 18131 | Lair:3   | Received a gift from Okawaru
 18208 | Lair:3   | Noticed BigDaddyOpFi's ghost (journeyman GrFi)
 18209 | Lair:3   | Found a transporter.
 18216 | Lair:3   | Found a transporter.
 19718 | Lair:5   | Entered Level 5 of the Lair of Beasts
 19734 | Lair:4   | Reached XP level 14. HP: 135/137 MP: 19/19
 19760 | Lair:5   | Reached ****** piety under Okawaru
 19762 | Lair:5   | Received a gift from Okawaru
 19773 | Lair:5   | Reached skill level 5 in Dodging
 20007 | Lair:5   | Identified the +12 crystal plate armour of Gluttony {Str+8
                  | Stlth+} (Okawaru gifted it to you on level 5 of the Lair of
                  | Beasts)
 20007 | Lair:5   | Received a gift from Okawaru
 20027 | Lair:5   | Found a staircase to the Slime Pits.
 20222 | Lair:5   | Reached skill level 13 in Armour
 20997 | D:14     | Noticed Jorgrun
 21009 | D:14     | Killed Jorgrun
 21010 | D:14     | Reached skill level 14 in Armour
 21106 | D:14     | HP: 6/138 [two-headed ogre/+0 giant club (11)]
 21255 | D:14     | Reached skill level 15 in Armour
 21308 | D:14     | Found a blossoming altar of Fedhas.
 21381 | D:14     | Received a gift from Okawaru
 21419 | D:14     | Found a gate to the Vaults.
 21672 | D:14     | Reached skill level 16 in Armour
 22090 | D:15     | Entered Level 15 of the Dungeon
 22195 | D:15     | Reached XP level 15. HP: 134/145 MP: 20/20
 22206 | D:15     | Reached skill level 17 in Armour
 22216 | D:15     | Received a gift from Okawaru
 22471 | D:15     | Found a stormy altar of Qazlal.
 22492 | D:15     | Found a white marble altar of Elyvilon.
 22496 | D:15     | Reached skill level 18 in Armour
 22756 | D:15     | Identified the +11 war axe "Ippoisch" {vorpal, +Blink Int+4
                  | Dex+2} (Okawaru gifted it to you on level 15 of the
                  | Dungeon)
 22756 | D:15     | Received a gift from Okawaru
 22809 | D:15     | Found a staircase to the Depths.
 23138 | Orc:1    | Entered Level 1 of the Orcish Mines
 23320 | Orc:1    | Found a bloodstained altar of Trog.
 23490 | Orc:2    | Entered Level 2 of the Orcish Mines
 23490 | Orc:2    | Found a staircase to the Elven Halls.
 23562 | Orc:2    | Found Aprobek's Antique Weapon Shoppe.
 23562 | Orc:2    | Found Vaabas's Magic Scroll Shop.
 23563 | Orc:2    | Found Etufyluu's Armour Boutique.
 23563 | Orc:2    | Found Xijixzel's Magic Scroll Shoppe.
 23571 | Orc:2    | Reached skill level 19 in Armour
 23576 | Orc:2    | Received a gift from Okawaru
 23804 | Orc:2    | Found Gejiyx's Gadget Gallery.
 23844 | Orc:2    | Found a runed translucent gate.
 23844 | Orc:2    | Found a runed translucent gate.
 23844 | Orc:2    | Found a runed translucent gate.
 23943 | Orc:2    | Reached skill level 20 in Armour
 24089 | Orc:2    | Noticed Rudyous's ghost (journeyman MiFi)
 24106 | Orc:2    | Killed Rudyous's ghost
 24178 | Orc:2    | Bought a scroll of silence for 171 gold pieces
 24178 | Orc:2    | Bought a scroll of fear for 72 gold pieces
 24190 | Orc:2    | Bought a scroll of blinking for 105 gold pieces
 24343 | Spider:1 | Entered Level 1 of the Spider Nest
 25341 | Spider:1 | Identified the +0 tower shield of Purpose {rF+ rC+ Regen+}
                  | (Okawaru gifted it to you on level 1 of the Spider Nest)
 25341 | Spider:1 | Received a gift from Okawaru
 25586 | Spider:2 | Reached XP level 16. HP: 146/154 MP: 21/21
 26528 | Spider:2 | Noticed Frances
 26538 | Spider:2 | Killed Frances
 26539 | Spider:2 | Reached skill level 21 in Armour
 27141 | Spider:3 | Reached skill level 10 in Shields
 27477 | Spider:3 | Received a gift from Okawaru
 27639 | Spider:4 | Entered Level 4 of the Spider Nest
 28095 | Spider:4 | Identified the +5 hand axe of Meohitt {drain, rF+++ MP+9
                  | Int-2 Dex-5} (Okawaru gifted it to you on level 4 of the
                  | Spider Nest)
 28095 | Spider:4 | Received a gift from Okawaru
 28217 | Spider:4 | Reached skill level 22 in Armour
 28292 | Spider:4 | Identified the +1 ring mail of Kleptomania {Int+4}
 28347 | Spider:4 | Reached XP level 17. HP: 145/161 MP: 22/22
 28375 | Spider:4 | Identified the +1 ring mail of Etosir {rF+ rC++ Str+3
                  | Slay-6} (Okawaru gifted it to you on level 4 of the Spider
                  | Nest)
 28375 | Spider:4 | Received a gift from Okawaru
 28400 | Spider:4 | Got a gossamer rune of Zot
 28843 | Lair:3   | Killed BigDaddyOpFi's ghost
 29259 | Lair:5   | Acquired 446 gold pieces
 29544 | Vaults:1 | Entered Level 1 of the Vaults
 29710 | Vaults:1 | Received a gift from Okawaru
 29799 | Vaults:1 | Reached skill level 15 in Shields
 29858 | Vaults:1 | Identified the +7 scale mail of Agnosticism {rElec rC++
                  | Str-5 Dex+3} (Okawaru gifted it to you on level 1 of the
                  | Vaults)
 29858 | Vaults:1 | Received a gift from Okawaru
 30269 | Vaults:1 | Reached skill level 23 in Armour
 30779 | Vaults:2 | Paralysed by a great orb of eyes for 5 turns
 31154 | Orc:2    | Bought a scroll of immolation for 72 gold pieces
 31545 | Vaults:2 | Received a gift from Okawaru
 31604 | Vaults:2 | Identified the +10 broad axe of Wiblaodux {antimagic, rN+
                  | SInv}
 31661 | Vaults:2 | Reached XP level 18. HP: 170/170 MP: 24/24
 32026 | Vaults:2 | Found Jisuos's Magic Scroll Emporium.
 32034 | Vaults:2 | Bought a scroll of acquirement for 676 gold pieces
 32043 | Vaults:2 | Acquired the +8 mithril axe "Arga" {speed, Will+}
 32043 | Vaults:2 | Found the +8 mithril axe "Arga" {speed, Will+}
 32217 | Vaults:2 | Identified the +10 arbalest "Nopnaon" {venom, Fly rElec rF-
                  | Dex+9} (Okawaru gifted it to you on level 2 of the Vaults)
 32217 | Vaults:2 | Received a gift from Okawaru
 32303 | Vaults:2 | Found a staircase to the Crypt.
 32364 | Vaults:2 | Bought 3 scrolls of silence for 370 gold pieces
 32420 | Vaults:3 | Found Busia's Antique Weapon Shoppe.
 33338 | Vaults:3 | Identified the +0 ring mail of Tender Moments {Str+8 Int+3
                  | Stlth-} (Okawaru gifted it to you on level 3 of the Vaults)
 33338 | Vaults:3 | Received a gift from Okawaru
 34053 | Vaults:4 | Reached XP level 19. HP: 154/177 MP: 25/25
 34066 | Vaults:4 | Received a gift from Okawaru
 34076 | Vaults:4 | Reached skill level 24 in Armour
 34106 | Vaults:4 | Identified the +7 tower shield of True Grit {Harm Int+7
                  | Dex-5} (Okawaru gifted it to you on level 4 of the Vaults)
 34106 | Vaults:4 | Received a gift from Okawaru
 34160 | Vaults:4 | Found Fucsiunn's Armour Emporium.
 34185 | Vaults:4 | Found Teukhlom's Weapon Shoppe.
 34248 | Vaults:4 | Found a magical portal.
 34260 | WizLab   | Entered Alistair's Party Mansion
 34362 | WizLab   | Acquired 1275 gold pieces
 34647 | WizLab   | Noticed a golden dragon
 34648 | WizLab   | Noticed a golden dragon
 34649 | WizLab   | Noticed a golden dragon
 34700 | WizLab   | Reached skill level 1 in Evocations
 35025 | WizLab   | Acquired a manual of Invocations
 35498 | Vaults:4 | Identified the +1 ring mail of Words of Power {Int+3}
 35818 | Vaults:4 | Noticed Donald
 35827 | Vaults:4 | Received a gift from Okawaru
 35849 | Vaults:4 | Killed Donald
 36327 | Vaults:5 | Entered Level 5 of the Vaults
 36345 | Vaults:5 | Noticed a dread lich
 36365 | Vaults:5 | Found the ring of the Octopus King {rC+ HP+2 AC+2 EV+2
                  | SH+2}
 36370 | Vaults:5 | Identified the +1 robe "Xopuxoni" {rC++ Dex+5 Archmagi}
 36385 | Vaults:5 | Identified the +2 hat of Submission {+Blink Slay+3}
                  | (Okawaru gifted it to you on level 5 of the Vaults)
 36385 | Vaults:5 | Received a gift from Okawaru
 36388 | Vaults:5 | Reached XP level 20. HP: 124/184 MP: 26/26
 36409 | Vaults:5 | Identified the ring of Eloumys {Fly rF++ Will+ Int-5}
 36450 | Vaults:5 | Noticed Xtahua
 36454 | Vaults:5 | Noticed Mennas
 36460 | Vaults:5 | Killed from afar by a frost giant

Illustrated notes

Levels and vault maps discovered:
D:1:      sevenhm_arrival_forest_fort_large_3, layout_basic
D:2:      layout_rooms, basic_altar
D:3:      layout_basic, mainiacjoe_overflow_swirl, kennysheep_flooded_box,
          grunt_decor_cap
D:4:      kennysheep_spiral_hall, layout_cave_pools,
          mainiacjoe_overflow_small_starburst, ebering_ghost_sewer_d,
          gup_sewer_entry_bubbles
D:5:      layout_basic
D:6:      layout_cave_pools, slow_altar_1, nicolae_overflow_hidden_temple,
          hangedman_decor_points
D:7:      layout_basic, lightli_corner_chamber, uniq_pikel, uniq_duvessa
D:8:      minmay_chambers_of_sixes, layout_cave_pools, dpeg_lair_monsters,
          minmay_misc_feat_tiny
D:9:      wander_river, layout_gridville, minmay_alternating_orb, uniq_joseph
D:10:     layout_loops_ring, gammafunk_temple_overflow_pools, zombieorc2_lemuel,
          minmay_misc_feat_columns
D:11:     layout_loops_cross
D:12:     layout_grid_maze, minmay_shattered_shrine, uniq_nessos
D:13:     layout_basic, gauntlet_entry_generic
D:14:     layout_stronghold, hangedman_vaults_entry_quadrant_bands,
          fedhas_altar_fruit_tree, uniq_jorgrun
D:15:     gammafunk_enter_depths_forms, layout_basic, elyvilon_altar_5,
          grunt_qazlal_clouds
Temple:   nicolae_temple_two_arcs
Lair:1:   layout_small_grid
Lair:2:   layout_layer_cave, swamp_mist, hellmonk_spider_entry_not_the_bees
Lair:3:   layout_roguey, gammafunk_ghost_arena, serial_bayou_shore_a
Lair:4:   layout_loops_ring, bobbens_ice_dragon_lair, lemuel_fruit_fields
Lair:5:   hangedman_lair_tendril_chambers, layout_cave_shapes,
          nicolae_slime_entry_slimehenge
Spider:1: nicolae_spider_hilbert_zone_2 [nicolae_spider_hilbert_4_sides_1_open,
          nicolae_spider_hilbert_4_sides_1_open,
          nicolae_spider_hilbert_4_sides_1_open,
          nicolae_spider_hilbert_4_sides_1_open,
          nicolae_spider_hilbert_6_sides_1_open,
          nicolae_spider_hilbert_6_sides_1_open,
          nicolae_spider_hilbert_3_sides_1_open,
          nicolae_spider_hilbert_3_sides_1_open,
          nicolae_spider_hilbert_3_sides_1_open,
          nicolae_spider_hilbert_3_sides_1_open,
          nicolae_spider_hilbert_6_sides_1_open,
          nicolae_spider_hilbert_6_sides_1_open,
          nicolae_spider_hilbert_6_sides_1_open,
          nicolae_spider_hilbert_6_sides_1_open], hellmonk_test_site
Spider:2: layout_chambers, drop_trap, uniq_frances
Spider:3: layout_spider_delve
Spider:4: hellmonk_spider_rune_endless_swarm, nicolae_spider_not_touching_you
Orc:1:    cheibrodos_orc_arena, layout_caves, basic_altar, minmay_orc_keep
Orc:2:    st_orc_ogre_mass, layout_caves, ebering_ghost_rock_garden,
          nicolae_shop_gadgets
Vaults:1: v_misc_22, v_pattern_5, hangedman_vaults_restitches, v_rooms_3,
          v_misc_22, grunt_vaults_trifunnel, ontoclasm_vaults_bender, v_rooms_2,
          ontoclasm_vaults_twist, ontoclasm_vaults_loading_screen,
          nicolae_vaults_sealed_display, vaults_room_pool,
          ontoclasm_vaults_shuriken, layout_vaults_ring
Vaults:2: vaults_room_hallway, nicolae_vaults_yaktaur_gun_rack, v_pattern_2,
          ontoclasm_vaults_eye, hangedman_vaults_slice, vaults_room_pools,
          grunt_vaults_funnel, minmay_crypt_entry_simple_round,
          nicolae_vaults_little_squares_6, nicolae_vaults_network_square,
          nicolae_vaults_little_squares_4, layout_vaults_omnibox, serial_shops,
          nicolae_shop_crystal
Vaults:3: ontoclasm_vaults_fault, nicolae_vaults_big_ls, v_misc_12,
          nicolae_vaults_c_with_doors, hangedman_vaults_nodes,
          ontoclasm_vaults_pinch, v_misc_12, nicolae_vaults_ninety_degrees,
          nicolae_vaults_bisected_exclaves, vaults_mumra_lcd,
          nicolae_vaults_shelves_hall, vaults_room_pool,
          vaults_dpeg_encased_lava, layout_vaults_big_cross, serial_shops, shop
Vaults:4: mu_enter_wizlab_3, nicolae_vaults_three_branches, st_more_cells,
          vaults_mumra_minichess, nicolae_vaults_border_crossing,
          layout_vaults_omnigrid, serial_shops, nicolae_shop_stone,
          nicolae_shop_trees, uniq_donald
Vaults:5: serial_shops, uniq_mara, uniq_xtahua, uniq_mennas

Skill      XL: |  1  2  3  4  5  6  7  8  9 10 11 12 13 14 15 16 17 18 19 |
---------------+----------------------------------------------------------+-----
Fighting       | 4 5 6 8 9 11 13 14 16 17 | 17.2
Shields        | 4 5 6 7 8 12 16 20 23 | 23.9
Axes           | 3 4 5 6 8 10 12 13 14 16 17 | 17.0
Armour         | 4 5 6 8 9 10 11 12 16 20 22 23 24 | 24.7
Dodging        | 1 2 3 4 5 |  5.2
Stealth        | 1 2 3 |  3.5
Invocations    | 1 4 6 8 9 |  9.6
Throwing       | 1 |  1.2
Maces & Flails | 2 3 |  3.9
Evocations     | 2 |  2.0

Action                   |  1- 3 |  4- 6 |  7- 9 | 10-12 | 13-15 | 16-18 | 19-21 || total
-------------------------+-------+-------+-------+-------+-------+-------+-------++-------
Melee: War axe           |    79 |   157 |   232 |   406 |   697 |   723 |       ||  2294
       Headbutt          |     6 |    14 |    38 |    91 |   173 |   321 |   123 ||   766
       Flail             |       |       |       |    18 |    27 |       |       ||    45
       Battleaxe         |       |       |       |       |       |    24 |       ||    24
       Broad axe         |       |       |       |       |       |   337 |   408 ||   745
Throw: Dart              |       |     2 |     1 |     7 |     2 |       |     1 ||    13
       Javelin           |       |       |       |       |     3 |       |       ||     3
Invok: Heroism           |       |       |       |     6 |    12 |    11 |     3 ||    32
       Finesse           |       |       |       |       |     1 |     1 |       ||     2
Evoke: Wand              |       |       |       |     2 |     7 |     2 |    11 ||    22
       Phial of floods   |       |       |       |       |       |       |     1 ||     1
  Use: Scroll            |     4 |     5 |    13 |     9 |     5 |     6 |     9 ||    51
       Potion            |       |     1 |     3 |     5 |     2 |       |       ||    11
 Stab: Sleeping          |       |       |       |       |     1 |       |       ||     1
       Confused          |       |       |       |       |       |       |     1 ||     1
Armor: Scale mail        |    44 |    58 |    79 |   149 |    56 |       |       ||   386
       Chain mail        |       |       |       |    81 |       |       |       ||    81
       Ice dragon scales |       |       |       |       |    69 |       |       ||    69
       Crystal plate arm |       |       |       |       |   255 |   641 |   135 ||  1031
Dodge: Dodged            |    41 |    63 |   107 |   218 |   313 |   385 |    67 ||  1194
Block: Buckler           |    27 |    40 |    40 |   126 |   201 |   247 |       ||   681
       Tower shield      |       |       |       |       |       |   423 |   389 ||   812
